 Dungeon Crawl Stone Soup version 0.28-a0-750-g7c675f85b1 (webtiles) character file.

Game seed: 10047188428168234780

168 bande the Covered (level 5, -1/33 HPs)
             Began as a Gargoyle Fighter on Oct 29, 2021.
             Slain by an orc (3 damage)
             ... on level 4 of the Dungeon.
             The game lasted 00:03:19 (3012 turns).

bande the Covered (Gargoyle Fighter)                Turns: 3012, Time: 00:03:19

Health: -1/33      AC: 12    Str: 21    XL:     5   Next: 48%
Magic:  5/5        EV:  9    Int:  8    God:
Gold:   91         SH:  4    Dex:  9    Spells: 4/4 levels left

rFire   . . .      SeeInvis .   a - +0 war axe
rCold   . . .      Faith    .   c - +0 buckler
rNeg    + . .      Spirit   .   b - +0 scale mail
rPois   ∞          Reflect  .   l - +0 helmet
rElec   +          Harm     .   (no cloak)
rCorr   .          Rampage  .   (no gloves)
Will    .....                   (no boots)
Stlth   ..........              (no amulet)
HPRegen 0.11/turn               (no ring)
MPRegen 0.09/turn               (no ring)

@: no status effects
A: sickness immunity, AC +4, negative energy resistance 1, electricity
resistance, torment resistance 1, petrification resistance
a: no special abilities


You were on level 4 of the Dungeon.
You visited 1 branch of the dungeon, and saw 4 of its levels.

You collected 91 gold pieces.

Inventory:

Hand Weapons
 a - a +0 war axe (weapon)
Armour
 b - a +0 scale mail (worn)
 c - a +0 buckler (worn)
 f - a +0 kite shield
 l - a +0 helmet (worn)
Scrolls
 e - a scroll of identify
 i - a scroll of blinking {unknown}
Potions
 d - a potion of might
 g - 2 potions of flight {unknown}
 h - a potion of magic
 j - a potion of haste {unknown}
 k - a potion of cancellation {unknown}
 m - a potion of curing {unknown}


   Skills:
 + Level 4.1 Fighting
 + Level 3.6 Axes
 + Level 4.4 Armour
 + Level 3.7 Shields


You had 4 spell levels left.
You didn't know any spells.
Your spell library was empty.

Dungeon Overview and Level Annotations

Branches:
Dungeon (4/15)
 Temple: D:4-7

Altars:
The Shining One


Innate Abilities, Weirdness & Mutations

You are immune to sickness and miasma.
Your stone body is resilient. (AC +4)
You are immune to poison.
You resist negative energy. (rN+)
You are resistant to electric shocks. (rElec)
You are resistant to unholy torment.
You are immune to petrification.


Message History

The orc closely misses you. You block the orc's attack.
Unknown command.
The orc closely misses you. The orc barely misses you.
The orc closely misses you.
Items here: ( )) [.
You hit the orc but do no damage. You barely miss the orc.
The orc hits you but does no damage.
The orc hits you from afar with a +0 trident.
The orc hits you but does no damage. x2; You block the orc's attack.
The orc hits you but does no damage.
You barely miss the orc. You closely miss the orc. You block the orc's attack.
The orc barely misses you. The orc hits you but does no damage.
You closely miss the orc. You hit the orc but do no damage.
The orc closely misses you. The orc hits you but does no damage.
The orc hits you with a +0 club.
Unknown command.
You barely miss the orc. You closely miss the orc. The orc barely misses you.
The orc hits you from afar with a +0 trident.
The orc barely misses you. The orc hits you but does no damage.
The orc hits you from afar with a +0 trident.
The orc hits you but does no damage. You block the orc's attack.
The orc barely misses you. The orc hits you but does no damage.
You barely miss the orc. You hit the orc but do no damage.
You barely miss the orc. The orc barely misses you.
The orc hits you but does no damage. The orc hits you with a +0 club.
You closely miss the orc. x3; The orc hits you but does no damage.
The orc hits you with a +0 trident. The orc closely misses you.
The orc hits you with a +0 hand axe.
* * * LOW HITPOINT WARNING * * *
You closely miss the orc. You hit the orc but do no damage.
Your scale mail prevents you from hitting the orc.
The orc hits you but does no damage. The orc hits you with a +0 club.
* * * LOW HITPOINT WARNING * * *
The orc hits you with a +0 hand axe.
* * * LOW HITPOINT WARNING * * *
The orc hits you with a +0 trident.
* * * LOW HITPOINT WARNING * * *
The orc hits you with a +0 club.
You die...

#................#....#
..
#................#....#
..
#..#'####..###..###..##
####.####..###..###..###
#.<..................#
#....................#
#....................#
##..###...####.#######
.### #.)@# ###
.......ooo......
................
..!..............
................
................
................
................


You could see 3 orcs.

Vanquished Creatures
  A hound (D:2)
  An orc priest (D:4)
  Robin (D:3)
  2 adders
  An adder skeleton (D:4)
  A worm (D:3)
  A dart slug (D:1)
  3 orcs
  5 bats
  5 endoplasms
  2 giant cockroaches (D:1)
  13 goblins
  7 hobgoblins
  4 jackals (D:2)
  2 quokkas
  5 ball pythons
  4 kobolds
  4 rats
62 creatures vanquished.

Vanquished Creatures (others)
  2 fungi (D:1)
  2 plants (D:1)
4 creatures vanquished.

Grand Total: 66 creatures vanquished

Notes
Turn   | Place    | Note
-------+----------+-------------------------------------------
     0 | D:1      | bande the Gargoyle Fighter began the quest for the Orb.
     0 | D:1      | Reached XP level 1. HP: 14/14 MP: 1/1
   231 | D:1      | Reached XP level 2. HP: 19/19 MP: 2/2
   556 | D:1      | Found a faded altar of an unknown god.
   662 | D:1      | Reached XP level 3. HP: 23/23 MP: 3/3
  2036 | D:2      | Reached XP level 4. HP: 21/29 MP: 4/4
  2359 | D:3      | Found a glowing golden altar of the Shining One.
  2409 | D:3      | Noticed Robin
  2418 | D:3      | Killed Robin
  2419 | D:3      | Reached XP level 5. HP: 27/33 MP: 5/5
  3012 | D:4      | Slain by an orc

Illustrated notes

Levels and vault maps discovered:
D:1:      minmay_arrival_plants_in_alcoves, layout_loops_cross,
          shapermc_ecumenical_altar_mp_ritualfount, minmay_large_rounded_square,
          grunt_decor_mini_mirrors
D:2:      layout_loops_corners, feat_on_display
D:3:      layout_rooms, tso_metal_star, uniq_robin
D:4:      layout_gridville, minmay_misc_feat_cross, st_stairs_10, uniq_edmund

Skill      XL: |  1  2  3  4  5 |
---------------+----------------+-----
Axes           | 2 3 |  3.6
Armour         | 4 |  4.4
Fighting       | 4 |  4.1
Shields        | |  3.7

Action                   |  1- 3 |  4- 6 || total
-------------------------+-------+-------++-------
Melee: War axe           |   118 |    63 ||   181
  Use: Scroll            |     3 |       ||     3
Armor: Scale mail        |    64 |    57 ||   121
Dodge: Dodged            |    65 |    52 ||   117
Block: Buckler           |    20 |    20 ||    40

Table legend: (Time is in decaauts)
 A = Elapsed time spent in this place.
 B = Non-inter-level travel time spent in this place.
 C = Inter-level travel time spent in this place.
 D = Time resting spent in this place.
 E = Time spent auto-exploring this place.
 F = Levels seen in this place.
 G = Mean time per level.
                   A        B        C        D        E       F      G
               +--------+--------+--------+--------+--------+-----+--------+
         Total |   3084 |   3033 |     51 |     88 |   2473 |   4 |  771.0 |
       Dungeon |   3084 |   3033 |     51 |     88 |   2473 |   4 |  771.0 |
               +--------+--------+--------+--------+--------+-----+--------+

Top non-repeatable levels by time:
     D:2: 1248 daAuts
     D:1: 947 daAuts
     D:3: 661 daAuts
     D:4: 227 daAuts
